 Seeded DCSS version 0.29-a0-982-gaed3a0c8d8 (webtiles) character file.

Game seed: 2242219886457478352 (custom seed)

21 flotson the Sneak (level 2, -2/24 HPs)
             Began as a Demonspawn Delver on Aug 1, 2022.
             Slain by a worm (6 damage)
             ... on level 5 of the Dungeon.
             The game lasted 00:00:59 (369 turns).

flotson the Sneak (Demonspawn Delver)                Turns: 369, Time: 00:01:00

Health: -2/24      AC:  4    Str: 12    XL:     2   Next: 65%
Magic:  2/2        EV: 12    Int: 11    God:
Gold:   0          SH:  0    Dex: 14    Spells: 1/1 levels left

rFire   . . .      SeeInvis .   a - +0 spear
rCold   . . .      Faith    .   (no shield)
rNeg    . . .      Spirit   .   b - +0 leather armour
rPois   .          Reflect  .   (no helmet)
rElec   .          Harm     .   f - +0 cloak
rCorr   .          Rampage  .   (no gloves)
Will    .....                   (no boots)
Stlth   ++........              (no amulet)
HPRegen 0.08/turn               (no ring)
MPRegen 0.08/turn               (no ring)

@: very slow
A: weakness stinger 1
a: no special abilities


You were on level 5 of the Dungeon.
You visited 1 branch of the dungeon, and saw 1 of its levels.

Inventory:

Hand Weapons
 a - a +0 spear (weapon)
Armour
 b - a +0 leather armour (worn)
 f - a +0 cloak (worn)
Wands
 g - a wand of digging (3)
Scrolls
 c - a scroll of fog
 d - a scroll of magic mapping
 e - a scroll of fear


   Skills:
 + Level 3.2 Fighting
 + Level 2.1 Polearms
 + Level 2.1 Dodging
 + Level 4.7 Stealth


You had one spell level left.
You didn't know any spells.
Your spell library was empty.

Dungeon Overview and Level Annotations

Branches:
Dungeon (5/15)
 Temple: D:4-7

Altars:


Innate Abilities, Weirdness & Mutations

You have a small tail.


Message History

You are too injured to fight recklessly!
You are too injured to fight recklessly!
You are too injured to fight recklessly!
You are too injured to fight recklessly!
You are too injured to fight recklessly!
You are too injured to fight recklessly!
You hit the worm.
The worm is almost dead.
The worm bites you but does no damage.
You hit the worm.
You kill the worm!
You see here a worm corpse.
You enter the shallow water.
Moving in this stuff is going to be slow.
You hear the rusting of a drain. 2 worms come into view.
You start resting.
You hear the brisk rusting of a drain.
You start resting.
You hear the brisk rusting of a drain. 2 worms come into view.
You reach to attack!
You barely miss the worm. You hit the worm.
Your tail-slap misses the worm.
The worm is lightly wounded.
Your unstable footing causes you to fumble your attack.
The worm bites you.
Your unstable footing causes you to fumble your attack.
You hit the worm. You tail-slap the worm.
The worm is heavily wounded.
The worm splashes around in the water.
You hit the worm but do no damage.
The worm is heavily wounded.
You hit the worm.
The worm is severely wounded.
The worm bites you!
* * * LOW HITPOINT WARNING * * *
You hit the worm.
The worm is severely wounded.
The worm misses you. The worm bites you.
You die...

#..# ..# #.###+##
#.##...########
#......#≈≈≈#w≈
#.>#..≈#≈#≈#≈# ###
#.....≈#≈#≈#≈#≈≈≈≈#
#....≈≈≈≈#≈w≈≈≈#
#.....≈#≈#@#####
#.#...≈≈≈#≈w≈w≈≈≈≈
#......#≈#######≈# #
####..≈≈≈#
#..####...≈≈############
#.....†.>..............#
#.##############.......#
#######.# #.#


You could see 3 worms.

Vanquished Creatures
  2 river rats (D:5)
  A worm (D:5)
3 creatures vanquished.

Notes
Turn   | Place    | Note
-------+----------+-------------------------------------------
     0 | D:5      | flotson the Demonspawn Delver began the quest for the Orb.
     0 | D:5      | Reached XP level 1. HP: 18/18 MP: 1/1
    16 | D:5      | Gained mutation: You have a small tail. [demonic ancestry]
    16 | D:5      | Reached XP level 2. HP: 11/24 MP: 2/2
   193 | D:5      | Noticed an ice beast
   369 | D:5      | Slain by a worm

Illustrated notes

Levels and vault maps discovered:
D:5:      layout_basic, nicolae_ru_great_annihilating_truth,
          mainiacjoe_overflow_boulevard, mainiacjoe_overflow_paths,
          lightli_sewer_entry_pipes

Skill      XL: |  1 |
---------------+----+-----
Polearms       | 2 |  2.1
Dodging        | 2 |  2.1
Fighting       | |  3.2
Stealth        | |  4.7

Action                   || total
-------------------------++-------
Melee: Spear             ||    33
       Tailslap          ||     3
       Punch             ||     1
  Use: Potion            ||     1
Armor: Leather armour    ||     3
Dodge: Dodged            ||    10

Table legend: (Time is in decaauts)
 A = Elapsed time spent in this place.
 B = Non-inter-level travel time spent in this place.
 C = Inter-level travel time spent in this place.
 D = Time resting spent in this place.
 E = Time spent auto-exploring this place.
 F = Levels seen in this place.
 G = Mean time per level.
                   A        B        C        D        E       F      G
               +--------+--------+--------+--------+--------+-----+--------+
         Total |    369 |    369 |      0 |     84 |    154 |   1 |  369.0 |
       Dungeon |    369 |    369 |      0 |     84 |    154 |   1 |  369.0 |
               +--------+--------+--------+--------+--------+-----+--------+

Top non-repeatable levels by time:
     D:5: 369 daAuts
